 Dungeon Crawl Stone Soup version 0.30-a0-632-g346586fe48 (webtiles) character file.

Game seed: 15564102479917517224

2205 drugrobin the Martial Artist (level 8, -6/62 HPs)
             Began as a Demigod Delver on Jan 14, 2023.
             Killed from afar by Maggie (17 damage)
             ... with a bolt of fire
             ... on level 7 of the Dungeon.
             The game lasted 00:16:38 (5124 turns).

drugrobin the Martial Artist (Demigod Delver)       Turns: 5124, Time: 00:16:39

Health: -6/62      AC: 10    Str: 19    XL:     8   Next: 89%
Magic:  10/10      EV: 14    Int: 12    God:
Gold:   319        SH:  0    Dex: 23    Spells: 7/7 levels left

rFire   . . .      SeeInvis +      - Unarmed
rCold   . . .      Faith    .    (no shield)
rNeg    . . .      Spirit   .    y - +7 leather armour of Mupelul {SInv}
rPois   .          Reflect  .    (no helmet)
rElec   .          Harm     .    (no cloak)
rCorr   .          Rampage  .    (no gloves)
Will    .....                    (no boots)
Stlth   +++                      (no amulet)
HPRegen 0.30/turn                i - ring of flight
MPRegen 0.12/turn                B - +6 ring of strength

@: flying, mesmerised
A: high MP 1, forlorn, divine attributes
a: no special abilities


You were on level 7 of the Dungeon.
You visited 1 branch of the dungeon, and saw 7 of its levels.

You collected 319 gold pieces.

Inventory:

Hand Weapons
 b - a +1 arbalest of flaming
 c - a +2 dagger of venom
Missiles
 w - 18 poisoned darts
 x - an atropa-tipped dart
Armour
 y - the +7 leather armour of Mupelul (worn) {SInv}
   (You found it on level 4 of the Dungeon)

   SInv:      It lets you see invisible.
Jewellery
 i - a ring of flight (left hand)
 B - a +6 ring of strength (right hand)
Wands
 f - a wand of digging (2)
Scrolls
 d - 2 scrolls of fear
 h - 8 scrolls of identify {unknown}
 j - 2 scrolls of enchant armour {unknown}
 l - a scroll of amnesia {unknown}
 m - 2 scrolls of blinking {unknown}
 r - a scroll of poison {unknown}
 u - 2 scrolls of vulnerability {unknown}
 z - a scroll of teleportation {unknown}
 C - 2 scrolls of magic mapping
Potions
 a - a potion of flight {unknown}
 e - 3 potions of haste
 k - a potion of brilliance
 n - a potion of lignification {unknown}
 o - a potion of heal wounds {unknown}
 p - 3 potions of curing
 q - a potion of mutation {unknown}
 s - a potion of berserk rage {unknown}
 t - 3 potions of magic {unknown}
 v - a potion of cancellation {unknown}
 A - a potion of ambrosia


   Skills:
 - Level 2.6 Fighting
 - Level 4.0 Dodging
 - Level 4.5 Stealth
 + Level 10.7 Unarmed Combat


You had 7 spell levels left.
You didn't know any spells.
Your spell library was empty.

Dungeon Overview and Level Annotations

Branches:
Dungeon (7/15)             Temple (0/1) D:7

Annotations:
D:5 3 runed translucent doors, hgbash's ghost, novice HuCj
D:7 Maggie


Innate Abilities, Weirdness & Mutations

You have an increased reservoir of magic. (+10% MP)
You shall have no god before yourself.
Your divine heritage dramatically boosts your attributes as you level up.


Message History

Maggie is severely wounded.
Maggie misses you.
You hit Maggie but do no damage.
Maggie is severely wounded.
Maggie hits you with a +3 broad axe of flaming.
Maggie burns you.
You are flying.
Your flying speed is average.
Your attack delay is about 0.8.
Your damage rating with unarmed combat is about 16 (Base [3 + 10 (UC)] x 122% (Str) x 104% (Fight)).
Your base attributes are Str 13, Int 12, Dex 23.
Unknown command.
Unknown command.
Unknown command.
Attack: -) Nothing wielded
Press: ? - help, Dir - move target, f/p - Maggie
Aim: Maggie, wielding a +3 broad axe of flaming and wearing +0 acid dragon scales (severely wounded, about 31% to evade your hands)
Okay, then.
Unknown command.
Unknown command.
Unknown command.
You closely miss Maggie. Your punch misses Maggie.
Maggie is severely wounded.
Maggie gestures wildly while chanting.
Maggie attempts to bespell you!
You are mesmerised by Maggie!
Unknown command.
Unknown command.
Unknown command.
You hit Maggie. Your punch misses Maggie.
Maggie is severely wounded.
Maggie points at you and mumbles some strange words.
The bolt of fire hits you!!
* * * LOW HITPOINT WARNING * * *
Unknown command.
Unknown command.
Okay, then.
As you read the scroll of fear, it crumbles to dust.
You assume a fearsome visage.
Maggie easily resists.
Maggie gestures at you while chanting. The bolt of fire hits you!
You die...

######......####..........#.#####
........##### ##.#..#......#
#######.##### #....#....###
.###........#####.#..#..#.......
.##.........#......(....########
.##.........))...#.#....#
....########.).###.#....#
.#..##......)###.@.##...#
.##........#...)@...#...# ### ##
.##.......##..>..##... #..
..#######..#........#. #.## #..
##.##...###.. #... #). #..#.### .
#.## #.. #..#.#... .. #.# #.)
.......## @.......$. .#.#.#
.###.##.## ## # ......#


You could see Maggie (mesmerising).

Vanquished Creatures
  Pikel (D:6)
  Duvessa (D:5)
  An orc warrior (D:7)
  A black bear (D:6)
  2 ice beasts (D:6)
  An ogre (D:5)
  A lemure (D:6)
  A centaur (D:4)
  2 kobold brigands (D:7)
  A bullfrog (D:4)
  A necrophage (D:4)
  5 scorpions
  Dowan (D:5)
  2 howler monkeys
  A jelly (D:6)
  An iron imp (D:4)
  Ijyb (D:4)
  3 iguanas
  2 orc wizards
  13 adders
  3 white imps (D:6)
  2 worms
  4 dart slugs
  8 orcs
  6 ball pythons
  7 endoplasms
  2 giant cockroaches
  4 goblins
  4 hobgoblins
  A jackal (D:3)
  16 kobolds
  9 quokkas
  6 bats
  6 frilled lizards
  2 rats
122 creatures vanquished.

Vanquished Creatures (others)
  7 plants (D:3)
  2 withered plants (D:3)
9 creatures vanquished.

Grand Total: 131 creatures vanquished

Notes
Turn   | Place    | Note
-------+----------+-------------------------------------------
     0 | D:5      | drugrobin the Demigod Delver began the quest for the Orb.
     0 | D:5      | Reached XP level 1. HP: 18/18 MP: 3/3
    17 | D:5      | Found a runed translucent gate.
    17 | D:5      | Found a runed translucent gate.
    18 | D:5      | Found a runed translucent gate.
    18 | D:5      | Noticed hgbash's ghost (novice HuCj)
    19 | D:5      | Noticed Duvessa
    20 | D:5      | Noticed Dowan
    22 | D:5      | Noticed a scorpion
    64 | D:3      | Reached skill level 2 in Unarmed Combat
   162 | D:4      | Reached XP level 2. HP: 25/25 MP: 4/4
   182 | D:4      | Reached skill level 3 in Unarmed Combat
   218 | D:4      | Reached XP level 3. HP: 30/30 MP: 5/5
   488 | D:1      | Reached skill level 4 in Unarmed Combat
   580 | D:1      | Reached XP level 4. HP: 37/37 MP: 6/6
  1632 | D:3      | Reached skill level 5 in Unarmed Combat
  1632 | D:3      | Reached XP level 5. HP: 40/42 MP: 7/7
  2224 | D:4      | Identified the +7 leather armour of Mupelul {SInv}
  2445 | D:4      | Reached skill level 6 in Unarmed Combat
  2579 | D:4      | Noticed a centaur
  2584 | D:4      | Killed a centaur
  2585 | D:4      | Reached XP level 6. HP: 44/50 MP: 8/8
  2628 | D:4      | Noticed Ijyb
  2641 | D:4      | Paralysed by Ijyb for 4 turns
  2645 | D:4      | Killed Ijyb
  2978 | D:5      | Killed Duvessa
  2979 | D:5      | Reached skill level 7 in Unarmed Combat
  2979 | D:5      | Reached XP level 7. HP: 29/56 MP: 9/9
  3223 | D:6      | Noticed Pikel
  3254 | D:6      | Killed Pikel
  3255 | D:6      | Reached skill level 8 in Unarmed Combat
  3255 | D:6      | Reached XP level 8. HP: 34/62 MP: 10/10
  3510 | D:6      | Reached skill level 9 in Unarmed Combat
  3864 | D:5      | Killed Dowan
  4269 | D:6      | Reached skill level 10 in Unarmed Combat
  4278 | D:7      | Noticed Maggie
  5103 | D:7      | Found a staircase to the Ecumenical Temple.
  5124 | D:7      | Killed from afar by Maggie

Illustrated notes

Levels and vault maps discovered:
D:1:      kennysheep_arrival_forest, layout_rooms
D:2:      layout_basic, minmay_tromino_mix6
D:3:      layout_rooms, grunt_temple_overflow_growth_and_decay,
          mainiacjoe_overflow_alcove_2,
          nicolae_uskayaw_murder_on_the_dancefloor, minmay_misc_feat_alley,
          nrook_loot_triangle, minmay_surrounded
D:4:      layout_loops_ring, slow_altar_2, uniq_ijyb
D:5:      layout_rooms, lemuel_coloured_pillars_altar,
          mainiacjoe_overflow_alcove_4, gammafunk_temple_overflow_statue,
          ebering_ghost_rock_garden, uniq_duvessa
D:6:      layout_loops_ring, mainiacjoe_overflow_concentric_impassable,
          uniq_pikel
D:7:      layout_basic, minmay_temple_entry_slanted, uniq_maggie

Skill      XL: |  1  2  3  4  5  6  7  8 |
---------------+-------------------------+-----
Unarmed Combat | 2 3 4 5 6 7 8 10 | 10.7
Dodging        | 3 4 |  4.0
Fighting       | |  2.6
Stealth        | |  4.5

Action                   |  1- 3 |  4- 6 |  7- 9 || total
-------------------------+-------+-------+-------++-------
Melee: Unarmed           |    19 |    69 |   129 ||   217
       Punch             |       |     1 |    11 ||    12
       Dagger            |       |       |     7 ||     7
 Fire: Arbalest          |    33 |    76 |    34 ||   143
Throw: Dart              |       |     5 |     7 ||    12
Evoke: Wand              |       |       |     4 ||     4
  Use: Potion            |       |     2 |     2 ||     4
       Scroll            |       |       |     2 ||     2
 Stab: Sleeping          |     1 |     3 |     1 ||     5
       Paralysed         |       |       |    12 ||    12
Armor: Leather armour    |    10 |    30 |    45 ||    85
Dodge: Dodged            |    23 |    60 |    69 ||   152

Table legend: (Time is in decaauts)
 A = Elapsed time spent in this place.
 B = Non-inter-level travel time spent in this place.
 C = Inter-level travel time spent in this place.
 D = Time resting spent in this place.
 E = Time spent auto-exploring this place.
 F = Levels seen in this place.
 G = Mean time per level.
                   A        B        C        D        E       F      G
               +--------+--------+--------+--------+--------+-----+--------+
         Total |   5210 |   4738 |    472 |    395 |   2976 |   7 |  744.3 |
       Dungeon |   5210 |   4738 |    472 |    395 |   2976 |   7 |  744.3 |
               +--------+--------+--------+--------+--------+-----+--------+

Top non-repeatable levels by time:
     D:6: 1154 daAuts
     D:4: 852 daAuts
     D:3: 691 daAuts
     D:2: 672 daAuts
     D:1: 630 daAuts
     D:5: 611 daAuts
     D:7: 598 daAuts
